 Dungeon Sprint DCSS version 0.20-a0-809-gaf7f668 (webtiles) character file.

9386 esc the Bewitcher (level 11, 0/57 HPs)
             Began as a Felid Enchanter on Mar 3, 2017.
             Was the Champion of Wu Jian.
             Killed from afar by an oklob plant (17 damage)
             ... with a splash of acid
             ... in the Dungeon (Sprint IV: "Fedhas' Mad Dash").
             The game lasted 00:20:42 (2265 turns).

esc the Bewitcher (Felid Enchanter)                 Turns: 2265, Time: 00:20:42

Health: 0/57       AC: -2    Str:  4    XL:     11   Next: 22%
Magic:  25/27      EV: 32    Int: 19    God:    Wu Jian [******]
Gold:   452        SH:  0    Dex: 18    Spells: 13/33 levels left
                                        Lives:  0   Deaths: 3

rFire    . . .     SeeInvis +     - Unarmed
rCold    . . .     Gourm    .   (armour unavailable)
rNeg     . . .     Faith    .   (shield unavailable)
rPois    .         Spirit   .   (helmet unavailable)
rElec    .         Reflect  .   (cloak unavailable)
rCorr    .         Harm     .   (gloves unavailable)
MR       +....     NoTele   +   (boots unavailable)
Stlth    +++.......             i - amulet of invisibility {+Inv}
Regen    0.2/turn               (no ring)
MPRegen  0.2/turn               (no ring)

@: exhausted, corroded, very slightly contaminated, hasted, glowing, heaven on
earth, very quick
A: no armour, no weapons or thrown items, stealth, claws 1, fangs 3, see
invisible, carnivore 3, speed 1, shaggy fur 2, slow metabolism 1, sharp paws
a: Serpent's Lash, Heaven On Earth, Renounce Religion, Evoke Invisibility


You were in the Dungeon.
You worshipped Wu Jian.
Wu Jian was exalted by your worship.
You were full.

You visited 1 branch You collected 452 gold pieces.

Inventory:

Jewellery
 i - the amulet of invisibility (around neck) {+Inv}
   (You found it in the Dungeon)

   [amulet of nothing]

   It lets you turn invisible.
Scrolls
 d - a scroll of fear
Potions
 f - 3 potions of magic
 j - a potion of cancellation
 m - a potion of flight
Books
 a - a book of Maledictions
 c - a book of Minor Magic
   (You found it in the Dungeon)
 g - the Disquisition on Helpful Confrontation
   (You found it in the Dungeon)

   Spells                             Type                      Level
   a - Regeneration                   Charms/Necromancy            3
   b - Dazzling Spray                 Conjuration/Hexes            3
   c - Spectral Weapon                Hexes/Charms                 3
   d - Fireball                       Conjuration/Fire             5
   e - Bolt of Cold                   Conjuration/Ice              6
Comestibles
 b - 2 meat rations {@e2}
 l - 9 royal jellies


   Skills:
 + Level 12.2 Fighting
 + Level 15.4 Dodging
 + Level 16.7 Stealth
 + Level 12.2 Unarmed Combat
 + Level 11.5 Spellcasting
 + Level 17.0 Hexes


You had 13 spell levels left.
You knew the following spells:

 Your Spells              Type           Power        Failure   Level  Hunger
a - Ensorcelled Hibernat  Hex/Ice        #####.       1%          2    None
b - Tukima's Dance        Hex            ######..     1%          3    None
c - Confuse               Hex            ######..     1%          3    None
d - Dazzling Spray        Conj/Hex       #####.       1%          3    None
e - Blink                 Tloc           N/A          12%         2    None
f - Conjure Flame         Conj/Fire      ##......     21%         3    None
r - Regeneration          Chrm/Necr      ##........   21%         3    None
v - Corona                Hex            ######.      0%          1    None


Dungeon Overview and Level Annotations

Branches:
Dungeon (1/1)

Altars:
Cheibriados
Dithmenos
Elyvilon
Gozag
Hepliaklqana
Kikubaaqudgha
Makhleb
Nemelex Xobeh
Okawaru
Qazlal
Ru
Sif Muna
Trog
Uskayaw
Vehumet
Wu Jian
Xom
Yredelemnul
Zin
The Shining One
Beogh
Jiyva
Lugonu

Shops:
D [(?!}[:?((=[!*?*%**

Annotations:
D exclusion: 8 oklob plants


Innate Abilities, Weirdness & Mutations

You cannot wear armour.
You are incapable of wielding weapons or throwing items.
Your paws allow you to move quietly. (Stealth)
You have sharp claws.
You have razor-sharp teeth.
You have supernaturally acute eyesight. (SInv)
You are carnivorous and can eat meat at any time.
You cover ground quickly.
You are covered in thick fur. (AC +2)
You have a slow metabolism.
Your sharp claws are effective at attacking unaware monsters.


Message History

This raw flesh tastes great.
Health restored: 57 You open the door.
Found 43 gold pieces.
Found five shops.
Found three shops.
There is an open door here.
You now have 416 gold pieces (gained 7).
You now have 421 gold pieces (gained 5).
You now have 430 gold pieces (gained 9).
You now have 438 gold pieces (gained 8).
There is an entrance to Oxuet's Gadget Shoppe here.
You now have 452 gold pieces (gained 14).
There is an entrance to Daorchon's Weapon Emporium here.
There is an entrance to Piwustr Faukk's Antique Weapon Boutique here.
There is an entrance to Osauwe Voiqi's Book Shoppe here.
Search for what [? for help]? statue
There is an entrance to Goziufic's Distillery here.
There is an entrance to Oxuet's Gadget Shoppe here.
There is an entrance to Eris Heb's Antique Armour Boutique here.
There is an entrance to Aruzid's Magic Scroll Emporium here.
There is an entrance to Bepakyum's Jewellery Shop here.
Put on which piece of jewellery? (? for menu, Esc to quit)
Okay, then.
You open the door. 3 oklob plants come into view.
The oklob plant spits acid at you. The splash of acid hits you!
The acid corrodes you!
You are splashed with acid!
The acid burns!
You take 23 damage, and have 34/57 hp.
MASSIVE DAMAGE!!
You close the door.
You start resting.
You are no longer corroded.
You regained 2 hp, and now have 36/57 hp.
You start resting.
Health restored: 57 You open the door.
You lunge at the oklob plant.
You catch the helpless oklob plant completely off-guard!
The oklob plant does not see your lunge coming!
You eviscerate the oklob plant!!!!!
You destroy the oklob plant!
The Council accepts your kill.
Your Unarmed Combat skill increases to level 12! 4 oklob plants come into view.
There is an open door here.
Here: an oklob plant (hasn't noticed you)
The floor.
The oklob plant spits acid at you. The splash of acid hits you!
You are splashed with acid!
The acid burns!
There is an entrance to Bepakyum's Jewellery Shop here.
You take 20 damage, and have 37/57 hp.
MASSIVE DAMAGE!!
You close the door.
You start resting.
Health restored: 57 Your halo prevents invisibility.
Okay, then.
You feel yourself speed up.
You are very lightly contaminated with residual magic.
You open the door.
The oklob plant is distracted by your jump.
An oklob plant comes into view.
You lunge at the oklob plant in a flurry of attacks!
You eviscerate the oklob plant!!!
You destroy the oklob plant!
The Council accepts your kill.
An oklob plant comes into view.
The oklob plant spits acid at you. The splash of acid hits you!
You are splashed with acid!
The acid burns!
The oklob plant spits acid at you. The splash of acid hits you!
The acid corrodes you!
You are splashed with acid!
The acid burns!
* * * LOW HITPOINT WARNING * * *
You take 40 damage, and have 17/57 hp.
MASSIVE DAMAGE!!
Your muscles tense, ready for explosive movement...
You lunge at the oklob plant with incredible momentum!
You eviscerate the oklob plant!!!!
You destroy the oklob plant!
The Council accepts your kill.
Zoom!
An oklob plant comes into view.
You spin and attack the oklob plant with incredible momentum!
You mangle the oklob plant!!
You bite the oklob plant, but do no damage.
ZOOOM!
You spin and attack the oklob plant.
You eviscerate the oklob plant!!!
You destroy the oklob plant!
The Council accepts your kill.
Your Hexes skill increases to level 17!
Unknown command.
Okay, then.
Okay, then.
Okay, then.
You blink. 2 oklob plants come into view.
The oklob plant spits acid at you. The splash of acid hits you!
You die...

#####.).♣......♣...
.........♣.)...∩.∩.
..#################
### # + # #
##################
#####∩∩∩#.§..P.P@P.P.#
'....∩.∩§§.§.........+
#####∩∩∩#.....P.P.P.P#
# ##################


You could see 8 oklob plants.

Vanquished Creatures
  Agnes (D)
  A ghost moth (D)
  A spriggan berserker (D)
  A spriggan druid (D)
  3 demonic crawlers (D)
  12 oklob plants (D)
  3 wandering mushrooms (D)
  A queen bee (D)
  3 burning bushes (D)
  6 hornets (D)
  2 scorpions (D)
  4 killer bees (D)
  5 oklob saplings (D)
  A worker ant (D)
  7 spriggans (D)
  A river rat (D)
  A rat (D)
  A ballistomycete (D)
  2 ballistomycete spores (D)
56 creatures vanquished.

Vanquished Creatures (collateral kills)
  A spriggan (D)
1 creature vanquished.

Vanquished Creatures (others)
  2 dancing weapons (D)
  A ballistomycete (D)
3 creatures vanquished.

Grand Total: 60 creatures vanquished

Notes
Turn   | Place    | Note
-------+----------+-------------------------------------------
     0 | D        | esc the Felid Enchanter began the quest for the Orb.
     0 | D        | Reached XP level 1. HP: 7/7 MP: 4/4
     8 | D        | Reached skill level 1 in Fighting
     8 | D        | Reached skill level 3 in Dodging
     8 | D        | Reached skill level 5 in Hexes
     8 | D        | Reached XP level 2. HP: 12/12 MP: 6/6
    17 | D        | Learned a level 2 spell: Ensorcelled Hibernation
    17 | D        | Noticed an oklob sapling
    19 | D        | Killed an oklob sapling
    19 | D        | Reached skill level 2 in Fighting
    19 | D        | Reached skill level 4 in Dodging
    19 | D        | Reached skill level 5 in Stealth
    19 | D        | Reached skill level 2 in Unarmed Combat
    19 | D        | Reached XP level 3. HP: 16/16 MP: 8/8
    24 | D        | Reached skill level 3 in Unarmed Combat
    24 | D        | Reached skill level 3 in Spellcasting
    24 | D        | Reached skill level 6 in Hexes
   109 | D        | Found an opulent altar of Gozag.
   109 | D        | Found a hazy altar of Hepliaklqana.
   109 | D        | Found a burning altar of Makhleb.
   109 | D        | Found a roughly hewn altar of Beogh.
   109 | D        | Found a sparkling altar of Nemelex Xobeh.
   109 | D        | Found a snail-covered altar of Cheibriados.
   109 | D        | Found a sacrificial altar of Ru.
   109 | D        | Found a deep blue altar of Sif Muna.
   109 | D        | Found a shimmering altar of Xom.
   109 | D        | Found a basalt altar of Yredelemnul.
   110 | D        | Found a viscous altar of Jiyva.
   110 | D        | Found a bloodstained altar of Trog.
   110 | D        | Found an ornate altar of the Wu Jian Council.
   110 | D        | Noticed an oklob sapling priest
   111 | D        | Found an iron altar of Okawaru.
   111 | D        | Found a shadowy altar of Dithmenos.
   111 | D        | Found a glowing silver altar of Zin.
   112 | D        | Found an ancient bone altar of Kikubaaqudgha.
   112 | D        | Found a hide-covered altar of Uskayaw.
   113 | D        | Found a stormy altar of Qazlal.
   113 | D        | Found a white marble altar of Elyvilon.
   113 | D        | Found a glowing golden altar of the Shining One.
   114 | D        | Found a corrupted altar of Lugonu.
   114 | D        | Found a radiant altar of Vehumet.
   117 | D        | Killed an oklob sapling priest
   117 | D        | Reached skill level 3 in Fighting
   117 | D        | Reached skill level 5 in Dodging
   117 | D        | Reached skill level 6 in Stealth
   117 | D        | Reached skill level 7 in Hexes
   117 | D        | Reached XP level 4. HP: 21/21 MP: 6/10
   122 | D        | Became a worshipper of the Wu Jian Council
   150 | D        | Learned a level 3 spell: Confuse
   154 | D        | Learned a level 3 spell: Tukima's Dance
   157 | D        | Reached skill level 7 in Stealth
   157 | D        | Reached skill level 4 in Unarmed Combat
   157 | D        | Reached skill level 4 in Spellcasting
   157 | D        | Reached XP level 5. HP: 25/25 MP: 10/12
   178 | D        | Reached skill level 6 in Dodging
   187 | D        | Reached * piety under Wu Jian
   187 | D        | Reached skill level 4 in Fighting
   231 | D        | Reached skill level 8 in Stealth
   231 | D        | Reached skill level 8 in Hexes
   236 | D        | Learned a level 3 spell: Dazzling Spray
   369 | D        | Found Hubyxiuh's Distillery.
   369 | D        | Found Yseemp's Antique Armour Emporium.
   373 | D        | Noticed a burning bush
   373 | D        | Noticed a wandering mushroom
   374 | D        | Noticed a wandering mushroom
   379 | D        | Killed a wandering mushroom
   379 | D        | Reached skill level 5 in Fighting
   379 | D        | Reached skill level 8 in Dodging
   379 | D        | Reached skill level 9 in Stealth
   379 | D        | Reached skill level 5 in Unarmed Combat
   379 | D        | Reached skill level 5 in Spellcasting
   379 | D        | Reached skill level 9 in Hexes
   379 | D        | Gained mutation: You are covered in thick fur. (AC +2) [Felid growth]
   379 | D        | Reached XP level 6. HP: 31/31 MP: 12/15
   380 | D        | Killed a wandering mushroom
   380 | D        | Reached ** piety under Wu Jian
   380 | D        | Reached skill level 6 in Fighting
   380 | D        | Reached skill level 10 in Stealth
   380 | D        | Reached skill level 6 in Unarmed Combat
   380 | D        | Reached skill level 6 in Spellcasting
   380 | D        | Reached skill level 10 in Hexes
   380 | D        | Reached XP level 7. HP: 35/35 MP: 12/17
   383 | D        | Reached skill level 9 in Dodging
   385 | D        | Killed from afar by a burning bush
   386 | D        | Reached XP level 6. HP: -2/31 MP: 13/16
   386 | D        | Noticed an oklob plant
   386 | D        | Noticed an oklob plant shifter
   386 | D        | Noticed an oklob plant summoner
   386 | D        | Killed an oklob plant summoner
   386 | D        | Reached skill level 7 in Fighting
   386 | D        | Reached skill level 7 in Unarmed Combat
   386 | D        | Reached skill level 11 in Hexes
   386 | D        | Reached XP level 7. HP: 36/36 MP: 18/18
   388 | D        | Killed an oklob plant
   388 | D        | Reached skill level 10 in Dodging
   388 | D        | Reached skill level 11 in Stealth
   388 | D        | Reached skill level 7 in Spellcasting
   398 | D        | Killed an oklob plant shifter
   398 | D        | Reached *** piety under Wu Jian
   398 | D        | Reached skill level 8 in Unarmed Combat
   398 | D        | Reached XP level 8. HP: 17/40 MP: 15/20
   576 | D        | Noticed a demonic crawler
   577 | D        | Killed a demonic crawler
   577 | D        | Reached skill level 8 in Fighting
   577 | D        | Reached skill level 12 in Stealth
   577 | D        | Reached skill level 12 in Hexes
   579 | D        | Noticed a spriggan rider
   580 | D        | Found Tufyaze's General Store.
   581 | D        | Found Oniele's Assorted Antiques.
   590 | D        | Mangled by a spriggan rider
   591 | D        | Reached XP level 7. HP: -10/37 MP: 14/19
   597 | D        | HP: 7/37 [something (30)]
   601 | D        | Killed a spriggan
   601 | D        | Reached skill level 11 in Dodging
   605 | D        | Killed a spriggan
   605 | D        | Reached **** piety under Wu Jian
   605 | D        | Reached skill level 8 in Spellcasting
   605 | D        | Reached XP level 8. HP: 15/41 MP: 21/21
   608 | D        | Killed a hornet
   823 | D        | Noticed an oklob plant conjurer
   829 | D        | Killed an oklob plant conjurer
   829 | D        | Reached skill level 9 in Fighting
   829 | D        | Reached skill level 9 in Unarmed Combat
   829 | D        | Reached skill level 13 in Hexes
   835 | D        | Learned a level 2 spell: Blink
   839 | D        | Learned a level 3 spell: Conjure Flame
   846 | D        | Noticed a spriggan druid
   849 | D        | Killed a spriggan druid
   849 | D        | Reached skill level 12 in Dodging
   849 | D        | Reached skill level 13 in Stealth
   849 | D        | Reached XP level 9. HP: 45/45 MP: 22/22
   871 | D        | Noticed a wandering mushroom
   871 | D        | Noticed an oklob plant
   872 | D        | Noticed a burning bush
   873 | D        | Killed a wandering mushroom
   873 | D        | Reached ***** piety under Wu Jian
   877 | D        | Killed an oklob plant
   877 | D        | Reached skill level 9 in Spellcasting
   900 | D        | Noticed Agnes
   902 | D        | Found Qoosimua's Assorted Antiques.
   902 | D        | Noticed a spriggan berserker
   905 | D        | Found Geuwk's Magic Scroll Shoppe.
   906 | D        | Killed Agnes
   906 | D        | Reached skill level 10 in Fighting
   906 | D        | Reached skill level 13 in Dodging
   906 | D        | Reached skill level 14 in Stealth
   906 | D        | Reached skill level 10 in Unarmed Combat
   906 | D        | Reached skill level 14 in Hexes
   906 | D        | Reached XP level 10. HP: 51/51 MP: 24/24
   912 | D        | Killed a spriggan berserker
   917 | D        | Noticed a spriggan rider
   925 | D        | Killed a spriggan rider
   925 | D        | Reached skill level 10 in Spellcasting
   925 | D        | Reached skill level 15 in Hexes
   929 | D        | Reached skill level 15 in Stealth
   948 | D        | Noticed a ghost moth
   949 | D        | Found Huakuem's Armour Shoppe.
   949 | D        | Found Wanithoh's Weapon Boutique.
   949 | D        | Found Nog Lyom's Magic Scroll Emporium.
   954 | D        | Paralysed by a hornet for 3 turns
   954 | D        | HP: 10/51 [demonic crawler (8)]
   955 | D        | HP: 1/51 [hornet (9)]
   955 | D        | Mangled by a demonic crawler
   956 | D        | Reached XP level 9. HP: -7/47 MP: 11/24
   956 | D        | Noticed a queen bee
   961 | D        | Killed a queen bee
  1056 | D        | Noticed an oklob plant
  1061 | D        | Killed an oklob plant
  1061 | D        | Reached skill level 11 in Fighting
  1061 | D        | Reached skill level 14 in Dodging
  1061 | D        | Reached skill level 11 in Unarmed Combat
  1081 | D        | Noticed a burning bush
  1085 | D        | Killed a burning bush
  1097 | D        | Killed a burning bush
  1097 | D        | Reached XP level 10. HP: 52/52 MP: 25/25
  1156 | D        | Identified the Disquisition on Helpful Confrontation
  1162 | D        | Learned a level 3 spell: Regeneration
  1253 | D        | Reached ****** piety under Wu Jian
  1258 | D        | Found Millik's Food Emporium.
  1258 | D        | Found Huleyriz's General Store.
  1339 | D        | Killed a ghost moth
  1339 | D        | Reached skill level 16 in Hexes
  1385 | D        | Noticed an oklob plant meteorologist
  1386 | D        | Noticed an oklob plant shifter
  1388 | D        | HP: 4/52 [acid (18)]
  1859 | D        | Killed an oklob plant meteorologist
  1859 | D        | Reached skill level 16 in Stealth
  1859 | D        | Reached skill level 11 in Spellcasting
  1866 | D        | Killed an oklob plant shifter
  1876 | D        | Noticed a spriggan rider
  1880 | D        | Killed a spriggan rider
  1880 | D        | Reached skill level 15 in Dodging
  1880 | D        | Reached skill level 12 in Fighting
  1880 | D        | Reached XP level 11. HP: 33/57 MP: 23/27
  2012 | D        | Found Oxuet's Gadget Shoppe.
  2012 | D        | Found Eris Heb's Antique Armour Boutique.
  2012 | D        | Found Goziufic's Distillery.
  2012 | D        | Found Aruzid's Magic Scroll Emporium.
  2012 | D        | Found Osauwe Voiqi's Book Shoppe.
  2013 | D        | Found Daorchon's Weapon Emporium.
  2013 | D        | Found Bepakyum's Jewellery Shop.
  2013 | D        | Found Piwustr Faukk's Antique Weapon Boutique.
  2033 | D        | Noticed an oklob plant
  2033 | D        | Noticed an oklob plant
  2033 | D        | Noticed an oklob plant
  2156 | D        | Killed an oklob plant
  2156 | D        | Reached skill level 12 in Unarmed Combat
  2156 | D        | Noticed an oklob plant
  2156 | D        | Noticed an oklob plant
  2156 | D        | Noticed an oklob plant
  2156 | D        | Noticed an oklob plant
  2262 | D        | Noticed an oklob plant
  2263 | D        | Killed an oklob plant
  2263 | D        | Noticed an oklob plant
  2264 | D        | Killed an oklob plant
  2264 | D        | Noticed an oklob plant
  2264 | D        | Killed an oklob plant
  2264 | D        | Reached skill level 17 in Hexes
  2265 | D        | Noticed an oklob plant
  2265 | D        | Noticed an oklob plant
  2265 | D        | Killed from afar by an oklob plant

Vault maps used:
D:        dungeon_sprint_fedhas

Skill      XL: |  1  2  3  4  5  6  7  8  9 10 11 |
---------------+----------------------------------+-----
Fighting       | 1 2 3 5 7 9 11 12 | 12.2
Dodging        | 3 4 5 8 11 12 14 15 | 15.4
Hexes          | 5 7 9 11 13 14 16 17 | 17.0
Stealth        | 5 6 7 9 10 11 13 14 16 | 16.7
Unarmed Combat | 2 3 4 5 7 8 9 11 12 | 12.2
Spellcasting   | 3 4 5 6 8 9 11 | 11.5

Action                   |  1- 3 |  4- 6 |  7- 9 | 10-12 || total
-------------------------+-------+-------+-------+-------++-------
Melee: Unarmed           |     5 |    15 |    64 |    27 ||   111
       Punch             |       |     2 |       |     2 ||     4
       Bite              |       |       |     3 |     3 ||     6
 Cast: Ensorcelled Hiber |     1 |     3 |       |       ||     4
       Confuse           |       |     2 |     3 |     7 ||    12
       Tukima's Dance    |       |     2 |     2 |       ||     4
       Dazzling Spray    |       |       |       |     1 ||     1
       Blink             |       |       |       |     1 ||     1
Invok: Serpent's Lash    |       |       |     1 |     1 ||     2
       Heaven On Earth   |       |       |       |     1 ||     1
 Abil: Evoke Invisibilit |     1 |     1 |     2 |       ||     4
  Use: Potion            |       |       |     3 |     1 ||     4
       Scroll            |       |       |       |     4 ||     4
 Stab: Sleeping          |     5 |     5 |     8 |     3 ||    21
       Invisible         |       |     1 |     1 |       ||     2
       Confused          |       |       |     4 |       ||     4
       Distracted        |       |       |       |     2 ||     2
  Eat: Chunk             |     3 |       |     5 |     2 ||    10
Armor: Skin              |       |     1 |       |     1 ||     2
Dodge: Dodged            |       |     9 |    26 |    12 ||    47

Vault maps used:
D:        dungeon_sprint_fedhas

Table legend:
 A = Turns spent in this place as a percentage of turns spent in the entire game.
 B = Non-inter-level travel turns spent in this place as a percentage of non-inter-level travel turns spent in the entire game.
 C = Inter-level travel turns spent in this place as a percentage of turns spent in this place.
 D = Turns resting spent in this place as a percentage of non-inter-level travel turns spent in this place.
 E = Turns spent auto-exploring this place as a percentage of non-inter-level travel turns spent in this place.
 F = Non-inter-level travel turns spent in this place divided by the number of levels of this place that you've seen.
                   A       B       C       D       E      F
               +-------+-------+-------+-------+-------+----------------------
         Total | 100.0 | 100.0 |   0.8 |   5.4 |   0.0 | 774.0
       Dungeon | 100.0 | 100.0 |   0.8 |   5.4 |   0.0 | 774.0
               +-------+-------+-------+-------+-------+----------------------

Table legend:
 A = Kills in this place as a percentage of kills in entire the game.
 B = Kills by you in this place as a percentage of kills by you in the entire game.
 C = Kills by friends in this place as a percentage of kills by friends in the entire game.
 D = Other kills in this place as a percentage of other kills in the entire game.
 E = Experience gained in this place as a percentage of experience gained in the entire game.
 F = Experience gained in this place divided by the number of levels of this place that you have seen.
                   A       B       C       D       E      F
               +-------+-------+-------+-------+-------+----------------------
         Total | 100.0 | 100.0 | 100.0 | 100.0 | 100.0 | 18988.0
       Dungeon | 100.0 | 100.0 | 100.0 | 100.0 | 100.0 | 18988.0
               +-------+-------+-------+-------+-------+----------------------
